 Dungeon Crawl Stone Soup version 0.20-a0-893-g832831a (webtiles) character file.

38 4thArraOfDagon the Magician (level 3, -13/27 HPs)
             Began as a Mummy Warper on Mar 17, 2017.
             Was an Initiate of Okawaru.
             Mangled by a small abomination (15 damage)
             ... on level 1 of the Abyss.
             The game lasted 00:04:04 (1476 turns).

4thArraOfDagon the Magician (Mummy Warper)          Turns: 1476, Time: 00:04:05

Health: -13/27     AC: 10    Str: 14    XL:     3   Next: 25%
Magic:  7/7        EV:  6    Int: 13    God:    Okawaru [......]
Gold:   111        SH:  0    Dex: 11    Spells: 5/7 levels left

rFire    x . .     SeeInvis .   j - +3 hand axe (drain)
rCold    + . .     Gourm    .   h - +0 chain mail {rPois}
rNeg     + + +     Faith    .   (no shield)
rPois    ∞         Spirit   .   l - +0 helmet
rElec    .         Reflect  .   k - +0 cloak
rCorr    .         Harm     .   (no gloves)
MR       .....                  (no boots)
Stlth    ..........             (no amulet)
Regen    0.1/turn               (no ring)
MPRegen  0.1/turn               (no ring)

@: very slightly contaminated
A: no food or potions, fire vulnerability, cold resistance 1, negative energy
resistance 3, torment resistance, unbreathing
a: Renounce Religion


You were on level 1 of the Abyss.
You worshipped Okawaru.
Okawaru was noncommittal.
You were not hungry.

You visited 1 branch of the dungeon, and saw 4 of its levels.
You visited the Abyss 1 time.

You collected 111 gold pieces.

Inventory:

Hand Weapons
 a - a +0 mace
 j - a +3 hand axe of draining (weapon)
Missiles
 e - 5 tomahawks of dispersal (quivered)
Armour
 b - a +0 leather armour
 f - a +0 scale mail
 g - a +0 chain mail
 h - a +0 chain mail of poison resistance (worn)
 k - a +0 cloak (worn)
 l - a +0 helmet (worn)
Scrolls
 d - a scroll of blinking
 m - a scroll of enchant armour {unknown}
 n - a scroll of identify {unknown}
 o - a scroll of enchant weapon {unknown}
Books
 c - a book of Spatial Translocations

   Spells                             Type                      Level
   a - Blink                          Translocation                2
   b - Shroud of Golubria             Charms/Translocation         2
   c - Lesser Beckoning               Translocation                3
   d - Gell's Gravitas                Translocation                3
   e - Teleport Other                 Translocation                3
   f - Passage of Golubria            Translocation                4


   Skills:
 - Level 2.0 Fighting
 * Level 0.4(1.5) Axes
 - Level 2.4(2.5) Maces & Flails
 - Level 0.7 Throwing
 + Level 1.1 Armour
 + Level 2.0 Dodging
 - Level 2.6 Spellcasting
 - Level 2.4 Translocations


You had 5 spell levels left.
You knew the following spells:

 Your Spells              Type           Power        Failure   Level  Hunger
a - Blink                 Tloc           N/A          100%        2    N/A

Dungeon Overview and Level Annotations

Branches:
Dungeon (4/15)
 Temple: D:4-7

Altars:
Okawaru
Qazlal
Xom

Annotations:
D:2 Sigmund
D:3 exclusion: 2 doors


Innate Abilities, Weirdness & Mutations

You do not eat or drink.
Your flesh is vulnerable to fire.
You are immune to poison.
Your flesh is cold resistant. (rC+)
You are immune to negative energy. (rN+++)
You are immune to unholy pain and torment.
You can survive without breathing.


Message History

Blink to where?
Press: ? - help, Dir - move target cursor You are very lightly contaminated with residual magic.
As you read the scroll of blinking, it crumbles to dust.
Unknown command.
Unknown command.
A lich comes into view.
Unknown command.
Unknown command.
Unknown command.
Unknown command.
Unknown command.
Unknown command.
The small abomination hits you!
* * * LOW HITPOINT WARNING * * *
Unknown command.
Unknown command.
The small abomination hits you!
Ouch! That really hurt!
You die...

. #..###..#
# ..#.#.#.#
.# #.#.##
.# . #
#...# ##.#
# .##
##.###..
...
#.####.#.#
#.## #
#....x#..#
#. # #
#.####...##
# #@x.## #
#.#### ..#
#..# ....
...# #.. ##


You could see a worldbinder and a small abomination.

Vanquished Creatures
  An adder (D:3)
  A worm (D:2)
  A dart slug (D:2)
  An orc (D:3)
  A ball python (D:2)
  3 bats
  5 goblins
  3 hobgoblins
  A quokka (D:3)
  A frilled lizard (D:2)
  3 kobolds
  A rat (D:3)
22 creatures vanquished.

Notes
Turn   | Place    | Note
-------+----------+-------------------------------------------
     0 | D:1      | 4thArraOfDagon the Mummy Warper began the quest for the Orb.
     0 | D:1      | Reached XP level 1. HP: 16/16 MP: 4/4
   236 | D:2      | Reached skill level 1 in Armour
   236 | D:2      | Reached XP level 2. HP: 16/22 MP: 5/5
   249 | D:2      | Learned a level 2 spell: Blink
   261 | D:2      | Noticed Sigmund
   304 | D:4      | Found an iron altar of Okawaru.
   304 | D:4      | Found a stormy altar of Qazlal.
   308 | D:4      | Became a worshipper of Warmaster Okawaru
   712 | D:2      | Found a shimmering altar of Xom.
   834 | D:2      | Found a faded altar of an unknown god.
   866 | D:2      | Reached XP level 3. HP: 26/27 MP: 7/7
  1239 | D:3      | Found a shimmering altar of Xom.
  1371 | D:3      | Cast into level 1 of the Abyss (crimson imp)
  1371 | Abyss:1  | Found a corrupted altar of Lugonu.
  1387 | Abyss:1  | Found a corrupted altar of Lugonu.
  1418 | Abyss:1  | Noticed a ynoxinul
  1445 | Abyss:1  | Noticed a starcursed mass
  1461 | Abyss:1  | Noticed a worldbinder
  1461 | Abyss:1  | Noticed a small abomination
  1461 | Abyss:1  | Noticed a ynoxinul
  1467 | Abyss:1  | Noticed a lich
  1476 | Abyss:1  | Mangled by a small abomination

Vault maps used:
D:1:      minmay_arrival_solitary_statue
D:2:      nicolae_overflow_hidden_temple,
          chequers_ecumenical_altar_simple_redux, uniq_terence, uniq_sigmund,
          uniq_iyjb
D:3:      kennysheep_big_flooded_room, led_xom_imps
D:4:      good_gods_temple_1, gammafunk_temple_overflow_pools, first_bread,
          yredelemnul_altar_generic

Skill      XL: |  1  2 |
---------------+-------+-----
Maces & Flails | 2 |  2.4
Armour         | 1 |  1.1
Dodging        | 2 |  2.0
Fighting       | |  2.0
Axes           | |  0.4
Throwing       | |  0.7
Spellcasting   | |  2.6
Translocations | |  2.4

Action                   || total
-------------------------++-------
Melee: Mace              ||    75
       Hand axe          ||    17
  Use: Scroll            ||     3
Armor: Scale mail        ||     5
       Chain mail        ||    83
Dodge: Dodged            ||    36
